 Dungeon Crawl Stone Soup version 0.23-a0-577-g2b1de94 (webtiles) character file.

345 gruber the Charlatan (level 6, -13/47 HPs)
             Began as a Gnoll Artificer on Dec 15, 2018.
             Mangled by an ogre
             ... wielding a +0 giant club
              (28 damage)
             ... on level 4 of the Dungeon.
             The game lasted 00:06:39 (3491 turns).

gruber the Charlatan (Gnoll Artificer)              Turns: 3491, Time: 00:06:40

Health: -13/47     AC:  6    Str: 14    XL:     6   Next: 58%
Magic:  11/11      EV: 15    Int: 16    God:
Gold:   168        SH:  0    Dex: 17    Spells: 9/9 levels left

rFire    . . .     SeeInvis .   i - +1 dagger (drain)
rCold    . . .     Gourm    .   (no shield)
rNeg     . . .     Faith    .   b - +0 leather armour
rPois    .         Spirit   .   A - +1 helmet
rElec    .         Reflect  .   (no cloak)
rCorr    .         Harm     .   (no gloves)
MR       .....                  (no boots)
Stlth    ++........             (no amulet)
HPRegen  0.15/turn              l - +1 ring of protection
MPRegen  0.12/turn              t - +2 ring of intelligence

@: no status effects
A: distributed training, fangs 1, strong nose
a: no special abilities


You were on level 4 of the Dungeon.
You were not hungry.

You visited 1 branch of the dungeon, and saw 4 of its levels.

You collected 168 gold pieces.

Inventory:

Hand Weapons
 i - a +1 dagger of draining (weapon)
 B - a +0 hunting sling
 C - a +0 blowgun
Missiles
 s - 153 stones (quivered)
 w - 30 poisoned needles
 D - 40 sling bullets
Armour
 b - a +0 leather armour (worn)
 x - a +0 shield
 A - a +1 helmet (worn)
Magical Staves
 r - an uncursed staff of death
Jewellery
 l - a +1 ring of protection (left hand)
 t - a +2 ring of intelligence (right hand)
 y - an uncursed ring of magical power
Wands
 c - a wand of flame (15)
 d - a wand of enslavement (15)
 e - a wand of random effects (14)
Scrolls
 a - 2 scrolls of enchant armour
 g - a scroll of random uselessness
 j - 2 scrolls of identify
 n - a scroll of fog {unknown}
 v - 3 scrolls of amnesia {unknown}
 z - a scroll of blinking {unknown}
Potions
 h - a potion of agility
 k - a potion of haste {unknown}
 m - 2 potions of heal wounds
 o - 3 potions of lignification
 q - 3 potions of curing
 u - a potion of degeneration
 E - a potion of brilliance {unknown}
Comestibles
 f - 14 rations


   Skills:
 + Level 3.2 Fighting
 + Level 3.2 Short Blades
 + Level 2.0 Long Blades
 + Level 2.0 Axes
 + Level 2.0 Maces & Flails
 + Level 2.0 Polearms
 + Level 2.0 Staves
 + Level 2.0 Slings
 + Level 2.0 Bows
 + Level 2.0 Crossbows
 + Level 2.0 Throwing
 + Level 2.0 Armour
 + Level 5.0 Dodging
 + Level 3.1 Stealth
 + Level 2.0 Shields
 + Level 2.0 Unarmed Combat
 + Level 2.0 Spellcasting
 + Level 1.5 Conjurations
 + Level 1.5 Hexes
 + Level 1.5 Charms
 + Level 1.5 Summonings
 + Level 1.5 Necromancy
 + Level 1.5 Translocations
 + Level 1.5 Transmutations
 + Level 1.5 Fire Magic
 + Level 1.5 Ice Magic
 + Level 1.5 Air Magic
 + Level 1.5 Earth Magic
 + Level 1.5 Poison Magic
 + Level 2.2 Invocations
 + Level 6.8 Evocations


You had 9 spell levels left.
You didn't know any spells.
Your spell library was empty.

Dungeon Overview and Level Annotations

Branches:
Dungeon (4/15)
 Temple: D:4-7

Altars:
Kikubaaqudgha
Trog


Innate Abilities, Weirdness & Mutations

Your experience applies equally to all skills.
You have very sharp teeth.
Your uncanny sense of smell can sniff out nearby items.


Message History

Your Polearms skill increases to level 2!
Your Staves skill increases to level 2!
Your Slings skill increases to level 2!
Your Bows skill increases to level 2!
Your Crossbows skill increases to level 2!
Your Throwing skill increases to level 2!
Your Armour skill increases to level 2!
Your Shields skill increases to level 2!
Your Unarmed Combat skill increases to level 2!
Your Spellcasting skill increases to level 2!
Unknown command.
Unknown command.
Unknown command.
Evoke which item? (* to show all) (? for menu, Esc to quit)
Aiming: Random Effects
Press: ? - help, Shift-Dir - straight line, f - ogre
Aim: an ogre, wielding a +0 giant club (lightly wounded)
The ogre seems to speed up.
The ogre hits you with a +0 giant club!!
Ouch! That really hurt!
You die...

..... #.......# #.# ####
#.......# #.# ...# #.......#
#.# ######### ...####.......#
##.###....$... ..............+
... +........ .......####...#
#.# #........
.......####...#####.###.......
..........'...'.@O............
###########...#####.#...[#.###
## #...# ...#.#..# .# #...#
#.#...#..# .# #..)# #.#.##...#
+## ##### # #.#....# ..#
#.#..... ..# #.#.....# ..#
##.#..#


You could see an ogre.

Vanquished Creatures
  A scorpion (D:3)
  2 hounds
  An iguana (D:4)
  A worker ant (D:3)
  Robin (D:3)
  3 adders
  2 oozes (D:1)
  4 worms
  4 dart slugs
  8 leopard geckos
  3 orcs (D:3)
  9 bats
  A giant cockroach (D:2)
  16 goblins
  16 hobgoblins
  11 jackals
  10 frilled lizards
  7 kobolds
  A quokka skeleton (D:4)
  7 rats
108 creatures vanquished.

Notes
Turn   | Place    | Note
-------+----------+-------------------------------------------
     0 | D:1      | gruber the Gnoll Artificer began the quest for the Orb.
     0 | D:1      | Reached XP level 1. HP: 17/17 MP: 4/4
   207 | D:1      | Reached XP level 2. HP: 20/23 MP: 6/6
   383 | D:1      | Reached XP level 3. HP: 26/28 MP: 7/7
   646 | D:1      | Reached skill level 1 in Invocations
   958 | D:2      | Reached skill level 1 in Long Blades
   958 | D:2      | Reached skill level 1 in Axes
   958 | D:2      | Reached skill level 1 in Maces & Flails
   958 | D:2      | Reached skill level 1 in Polearms
   958 | D:2      | Reached skill level 1 in Staves
   958 | D:2      | Reached skill level 1 in Slings
   958 | D:2      | Reached skill level 1 in Bows
   958 | D:2      | Reached skill level 1 in Crossbows
   958 | D:2      | Reached skill level 1 in Throwing
   958 | D:2      | Reached skill level 1 in Armour
   958 | D:2      | Reached skill level 1 in Shields
   958 | D:2      | Reached skill level 1 in Unarmed Combat
   958 | D:2      | Reached skill level 1 in Spellcasting
   982 | D:2      | Reached XP level 4. HP: 31/34 MP: 8/8
  1566 | D:2      | Reached skill level 1 in Conjurations
  1566 | D:2      | Reached skill level 1 in Hexes
  1566 | D:2      | Reached skill level 1 in Charms
  1566 | D:2      | Reached skill level 1 in Summonings
  1566 | D:2      | Reached skill level 1 in Necromancy
  1566 | D:2      | Reached skill level 1 in Translocations
  1566 | D:2      | Reached skill level 1 in Transmutations
  1566 | D:2      | Reached skill level 1 in Fire Magic
  1566 | D:2      | Reached skill level 1 in Ice Magic
  1566 | D:2      | Reached skill level 1 in Air Magic
  1566 | D:2      | Reached skill level 1 in Earth Magic
  1566 | D:2      | Reached skill level 1 in Poison Magic
  1772 | D:3      | Reached XP level 5. HP: 40/40 MP: 9/9
  1862 | D:3      | Noticed Robin
  1905 | D:3      | Killed Robin
  2364 | D:3      | Noticed a moth of wrath
  2368 | D:3      | Found a bloodstained altar of Trog.
  2792 | D:3      | Found an ancient bone altar of Kikubaaqudgha.
  2961 | D:3      | Reached XP level 6. HP: 14/47 MP: 11/11
  3472 | D:4      | Reached skill level 5 in Dodging
  3491 | D:4      | Mangled by an ogre

Vault maps used:
D:1:      ebering_trefoil_twist, fountainhead
D:3:      kennysheep_goblin_castle, kiku_gazebo_garden_becter, tgw_trog
D:4:      nicolae_qazlal_eye_of_the_storm, first_ration,
          nicolae_ru_awakened_eye, uniq_grinder, uniq_duvessa

Skill      XL: |  1  2  3  4  5  6 |
---------------+-------------------+-----
Invocations    | 1 2 |  2.2
Long Blades    | 1 2 |  2.0
Axes           | 1 2 |  2.0
Maces & Flails | 1 2 |  2.0
Polearms       | 1 2 |  2.0
Staves         | 1 2 |  2.0
Slings         | 1 2 |  2.0
Bows           | 1 2 |  2.0
Crossbows      | 1 2 |  2.0
Throwing       | 1 2 |  2.0
Armour         | 1 2 |  2.0
Shields        | 1 2 |  2.0
Unarmed Combat | 1 2 |  2.0
Spellcasting   | 1 2 |  2.0
Conjurations   | 1 |  1.5
Hexes          | 1 |  1.5
Charms         | 1 |  1.5
Summonings     | 1 |  1.5
Necromancy     | 1 |  1.5
Translocations | 1 |  1.5
Transmutations | 1 |  1.5
Fire Magic     | 1 |  1.5
Ice Magic      | 1 |  1.5
Air Magic      | 1 |  1.5
Earth Magic    | 1 |  1.5
Poison Magic   | 1 |  1.5
Fighting       | 3 |  3.2
Short Blades   | 3 |  3.2
Stealth        | 3 |  3.1
Dodging        | 5 |  5.0
Evocations     | |  6.8

Action                   |  1- 3 |  4- 6 || total
-------------------------+-------+-------++-------
Melee: Short sword       |    32 |       ||    32
       Bite              |    13 |    22 ||    35
       Dagger            |    60 |   219 ||   279
       Punch             |       |     3 ||     3
Throw: Stone             |       |    11 ||    11
Evoke: Wand              |       |     1 ||     1
  Use: Scroll            |       |     7 ||     7
       Potion            |       |     3 ||     3
 Stab: Sleeping          |     4 |    13 ||    17
  Eat: Chunk             |       |     8 ||     8
Armor: Leather armour    |    17 |    71 ||    88
Dodge: Dodged            |    60 |   189 ||   249

Table legend:
 A = Non-vault XP
 B = Vault XP
 C = Vault XP percentage of total XP
 D = Non-vault monster count
 E = Vault monster count
 F = Vault count percentage of total count
                 A         B        C        D         E       F
            +---------+---------+-------+---------+---------+-------
      Total |     428 |      66 |  13.4 |      83 |      25 |  23.1
            +---------+---------+-------+---------+---------+-------
        D:1 |      59 |       0 |   0.0 |      26 |       0 |   0.0
        D:2 |      74 |       0 |   0.0 |      22 |       0 |   0.0
        D:3 |     211 |      66 |  23.8 |      30 |      25 |  45.5
        D:4 |      84 |       0 |   0.0 |       5 |       0 |   0.0
            +---------+---------+-------+---------+---------+-------
